 Dungeon Crawl Stone Soup version 0.31-a0-180-g519b7de00c (webtiles) character file.

Game seed: 11883956200619336196

2900 qw the Cleaver (level 9, -6/57 HPs)
             Began as a Gargoyle Fighter on June 19, 2023.
             Was an Initiate of Okawaru.
             Killed from afar by an acid dragon (11 damage)
             ... with a splash of acid
             ... on level 8 of the Dungeon.
             The game lasted 00:03:05 (6649 turns).

qw the Cleaver (Gargoyle Fighter)                   Turns: 6649, Time: 00:03:05

Health: -6/57      AC: 26    Str: 24    XL:     9   Next: 78%
Magic:  7/9        EV: 13    Int:  9    God:    Okawaru [......]
Gold:   418        SH:  6    Dex:  9    Spells: 8/8 levels left

rFire   . . .        Y - +0 war axe
rCold   . . .        c - +0 buckler
rNeg    + . .        s - +0 plate armour
rPois   inf          h - +2 helmet
rElec   +            p - +0 cloak
rCorr   .            (no gloves)
SInv    .            (no boots)
Will    .....        r - amulet of the acrobat Stlth
                     k - +5 ring of evasion
HPRegen 0.29/turn    (no ring)
MPRegen 0.11/turn

%: acrobat
@: heroic
A: sickness immunity, AC +6, negative energy resistance 1, electricity
resistance, torment resistance 1, petrification resistance
a: Renounce Religion


You were on level 8 of the Dungeon.
You worshipped Okawaru.
Okawaru was noncommittal.
You visited 2 branches of the dungeon, and saw 9 of its levels.

You collected 445 gold pieces.
You spent 27 gold pieces at shops.


Innate Abilities, Weirdness & Mutations

You are immune to sickness and miasma.
Your stone body is resilient. (AC +6)
You are immune to poison.
You resist negative energy. (rN+)
You are resistant to electric shocks. (rElec)
You are resistant to unholy torment.
You are immune to petrification.


   Skills:
 - Level 7.1(12.1) Fighting
 + Level 9.4(14.4) Axes
 - Level 2.4(7.4) Throwing
 - Level 6.0(11.0) Armour
 - Level 1.0(6.0) Dodging
 - Level 4.5(9.5) Shields


You had 8 spell levels left.
You didn't know any spells.
Your spell library was empty.

Inventory:

Hand Weapons
 v - a +0 vampiric morningstar
 Y - a +0 war axe (weapon)
Missiles
 o - a silver boomerang (quivered)
 w - 2 boomerangs of dispersal
 x - 3 boomerangs
Armour
 c - a +0 buckler (worn)
 h - a +2 helmet (worn)
 p - a +0 cloak (worn)
 s - a +0 plate armour (worn)
Jewellery
 k - a +5 ring of evasion (left hand)
 r - an amulet of the acrobat (around neck)
 t - a ring of fire
Scrolls
 a - a scroll of identify
Potions
 b - a potion of magic
 d - 2 potions of might
 g - a potion of attraction
 i - a potion of enlightenment
 j - a potion of experience {unknown}
 l - 8 potions of curing
 m - a potion of haste
 u - a potion of resistance {unknown}

Dungeon Overview and Level Annotations

Branches:
Dungeon (8/15)             Temple (1/1) D:4
   Lair: D:8-11

Altars:
Ashenzari
Cheibriados
Dithmenos
Elyvilon
Fedhas
Hepliaklqana
Kikubaaqudgha
Makhleb
Nemelex Xobeh
Okawaru
Qazlal
Sif Muna
Trog
Uskayaw
Vehumet
Wu Jian
Xom
Yredelemnul
Zin
The Shining One

Shops:
D:1 (*[

Annotations:
D:6 1 runed translucent door, Crazy Yiuf
D:8 Maurice


Message History

A bolt of light appears from out of thin air!
The bolt of light misses you.
You slash the tengu warrior!
The tengu warrior is almost dead.
You hit something but do no damage. You block the tengu warrior's attack.
The tengu warrior pecks you but does no damage.
The tengu warrior claws you but does no damage.
You barely miss the tengu warrior.
The tengu warrior is almost dead.
You closely miss something. Something hits you but does no damage.
A yak comes into view.
You block the tengu warrior's attack.
The tengu warrior pecks you but does no damage.
You block the tengu warrior's attack.
You barely miss the tengu warrior.
The tengu warrior is almost dead.
You completely miss something.
You hear some strange, mumbled words.
The tengu warrior barely misses you. You block the tengu warrior's attack.
The tengu warrior claws you but does no damage.
You barely miss the tengu warrior.
The tengu warrior is almost dead.
You hit the acid dragon. The acid dragon barely misses you. x2
A yak comes into view.
The tengu warrior hits you but does no damage.
You block the tengu warrior's attack.
The tengu warrior claws you but does no damage.
You miss the tengu warrior.
The tengu warrior is almost dead.
You barely miss the acid dragon.
The yak bellows!
You closely miss the tengu warrior.
The tengu warrior is almost dead.
You barely miss the acid dragon. The acid dragon spits acid at you.
The splash of acid hits you!
You die...

.. ... ..8 .# #.#
#.# # ####.# .#
+@QY>#+###.#
##D..{.....#
#....?....#
#Y........#
#.........#
###.........#
.............#
#...Y........##.###
#.................#


You could see a tengu warrior, 3 yaks and an acid dragon (catching breath).

Vanquished Creatures
  A troll (D:8)
  A hornet (D:7)
  2 wyverns (D:8)
  2 water moccasins (D:7)
  2 ice beasts (D:7)
  2 black bears (D:4)
  2 sky beasts (D:7)
  2 ogres
  A centaur (D:6)
  A wolf (D:8)
  A bullfrog (D:6)
  A scorpion (D:5)
  3 howler monkeys
  8 hounds
  A jelly (D:5)
  A gnoll bouda (D:6)
  2 orc priests (D:6)
  2 sleepcaps
  5 orc wizards
  4 iguanas
  8 adders
  6 gnolls
  2 shadow imps (D:5)
  A white imp (D:6)
  A worm (D:2)
  A dart slug (D:3)
  15 orcs
  5 ball pythons
  3 endoplasms
  10 goblins
  7 hobgoblins
  3 quokkas
  2 bats
  4 frilled lizards
  8 kobolds
  7 rats
127 creatures vanquished.

Notes
Turn   | Place    | Note
-------+----------+-------------------------------------------
     0 | D:1      | qw the Gargoyle Fighter began the quest for the Orb.
     0 | D:1      | Reached XP level 1. HP: 14/14 MP: 1/1
     0 | D:1      | 0 ||| qw: Version: 0.3-a-7-ge0c9b40
     0 | D:1      | 0 ||| qw: Game counter: 1061
     0 | D:1      | 0 ||| qw: Always use a shield: true
     0 | D:1      | 0 ||| qw: God list: Okawaru
     0 | D:1      | 0 ||| qw: Allow faded altars: false
     0 | D:1      | 0 ||| qw: Do Orc after D:15 true
     0 | D:1      | 0 ||| qw: Do second Lair branch before Depths: true
     0 | D:1      | 0 ||| qw: Lair rune preference: random
     0 | D:1      | 0 ||| qw: Plans: Normal, Zot:1-4, Slime:5, God:TSO, Crypt,
                  | Tomb, Abyss, Pan, Hells, Win
     0 | D:1      | 0 ||| PLANNING D:1-11
    16 | D:1      | 16 ||| Stepping ~*~*~tactically~*~*~ (hiding).
    19 | D:1      | 19 ||| Stepping ~*~*~tactically~*~*~ (hiding).
    36 | D:1      | Reached skill level 2 in Axes
    93 | D:1      | 93 ||| Stepping ~*~*~tactically~*~*~ (stealth).
    98 | D:1      | Reached XP level 2. HP: 19/19 MP: 2/2
   206 | D:1      | Found Ulahywki's Armour Boutique.
   212 | D:1      | 212 ||| SHOPLISTING +0 chain mail of Asceticism {rElec
                  | rPois rN+ Int-4} (222 gold, have 22).
   212 | D:1      | 212 ||| SHOPLISTING +0 pair of boots (54 gold, have 22).
   212 | D:1      | 212 ||| SHOPLISTING +0 pair of gloves (54 gold, have 22).
   212 | D:1      | 212 ||| SHOPLISTING +1 chain mail of fire resistance (198
                  | gold, have 22).
   212 | D:1      | 212 ||| SHOPLISTING +2 ring mail of cold resistance (252
                  | gold, have 22).
   254 | D:1      | Found Niykerot's Antique Weapon Emporium.
   267 | D:1      | 267 ||| SHOPLISTING glowing morningstar (140 gold, have
                  | 22).
   267 | D:1      | 267 ||| SHOPLISTING runed war axe (130 gold, have 22).
   494 | D:1      | 494 ||| DROPPING +0 club.
   687 | D:1      | Found Cyeg's Assorted Antiques.
   694 | D:1      | Reached skill level 3 in Axes
   702 | D:1      | 702 ||| SHOPLISTING 2 orange potions (54 gold, have 35).
   702 | D:1      | 702 ||| BUYING grey potion (27 gold).
   702 | D:1      | Bought a grey potion for 27 gold pieces
   702 | D:1      | 702 ||| SHOPLISTING orange potion (27 gold, have 8).
   702 | D:1      | 702 ||| SHOPLISTING scroll labelled RIMPYFEARU (30 gold,
                  | have 8).
   703 | D:1      | 703 ||| UPGRADING to +0 chain mail.
   713 | D:1      | 713 ||| DROPPING +0 scale mail.
   714 | D:1      | 714 ||| READING 2 scrolls labelled RIMPYFEARU.
   715 | D:1      | 715 ||| READING scroll labelled WETEALL GIVA.
   716 | D:1      | 716 ||| READING 2 scrolls labelled BUDARU BIOZI.
   717 | D:1      | 717 ||| DRINKING 2 grey potions.
   718 | D:1      | 718 ||| DROPPING scroll of immolation.
   802 | D:2      | Reached XP level 3. HP: 21/23 MP: 3/3
   887 | D:2      | 887 ||| DROPPING +0 mace.
  1031 | D:2      | 1031 ||| Stepping ~*~*~tactically~*~*~ (stealth).
  1077 | D:2      | 1077 ||| Stepping ~*~*~tactically~*~*~ (stealth).
  1087 | D:2      | Identified the +4 short sword "Jean" {spect, rC+}
  1472 | D:2      | 1472 ||| UPGRADING to +2 helmet.
  1477 | D:2      | 1477 ||| READING scroll labelled KOFYSO ITZI.
  1481 | D:2      | 1481 ||| READING 3 scrolls of identify.
  1481 | D:2      | 1481 ||| IDENTIFYING purple potion
  1482 | D:2      | 1482 ||| READING 2 scrolls of identify.
  1482 | D:2      | 1482 ||| IDENTIFYING glowing dark potion
  1681 | D:3      | Found a stormy altar of Qazlal.
  1782 | D:3      | Reached XP level 4. HP: 28/28 MP: 4/4
  1841 | D:3      | Found a radiant altar of Vehumet.
  1854 | D:3      | Reached skill level 4 in Axes
  1948 | D:3      | 1948 ||| Stepping ~*~*~tactically~*~*~ (hiding).
  1962 | D:3      | 1962 ||| UPGRADING to +0 cloak.
  1967 | D:3      | 1967 ||| UPGRADING to +5 ring of evasion.
  1968 | D:3      | 1968 ||| READING 2 scrolls of identify.
  1968 | D:3      | 1968 ||| IDENTIFYING brown potion
  1996 | D:4      | You fall into a shaft and drop 1 floor!
  1996 | D:5      | Entered Level 5 of the Dungeon
  2022 | D:4      | Reached XP level 5. HP: 29/32 MP: 5/5
  2127 | D:4      | Found a staircase to the Ecumenical Temple.
  2128 | D:4      | 2128 ||| PLANNING TEMPLE
  2130 | D:4      | 2130 ||| READING scroll labelled FEABRU ORRULE.
  2137 | Temple   | Entered the Ecumenical Temple
  2171 | Temple   | 2171 ||| PLANNING D:1-11
  2197 | D:4      | Noticed a black bear
  2216 | D:4      | Reached skill level 5 in Axes
  2216 | D:4      | Noticed an ogre
  2235 | D:4      | Killed a black bear
  2236 | D:4      | Reached XP level 6. HP: 37/37 MP: 6/6
  2406 | D:4      | 2406 ||| Stepping ~*~*~tactically~*~*~ (stealth).
  2409 | D:4      | 2409 ||| Stepping ~*~*~tactically~*~*~ (hiding).
  2412 | D:4      | 2412 ||| Stepping ~*~*~tactically~*~*~ (hiding).
  2414 | D:4      | 2414 ||| Stepping ~*~*~tactically~*~*~ (hiding).
  2591 | D:4      | Identified the +1 robe "Jotyomul" {Str+3 Dex+2}
  2668 | D:4      | Found an ornate altar of the Wu Jian Council.
  2747 | D:4      | Reached XP level 7. HP: 38/43 MP: 7/7
  2807 | D:4      | Reached skill level 6 in Axes
  2903 | D:4      | 2903 ||| DRINKING 3 orange potions.
  2904 | D:4      | 2904 ||| DROPPING 2 potions of degeneration.
  2991 | D:5      | 2991 ||| Stepping ~*~*~tactically~*~*~ (hiding).
  2994 | D:5      | 2994 ||| Stepping ~*~*~tactically~*~*~ (hiding).
  3092 | D:5      | 3092 ||| Stepping ~*~*~tactically~*~*~ (hiding).
  3113 | D:5      | 3113 ||| Stepping ~*~*~tactically~*~*~ (stealth).
  3238 | D:5      | Reached skill level 7 in Axes
  3241 | D:5      | 3241 ||| Stepping ~*~*~tactically~*~*~ (stealth).
  3249 | D:5      | Reached XP level 8. HP: 34/48 MP: 8/8
  3257 | D:5      | Reached skill level 1 in Dodging
  3597 | D:5      | 3597 ||| Stepping ~*~*~tactically~*~*~ (stealth).
  3670 | D:5      | 3670 ||| READING scroll labelled YJAODE ZUEMEUSS.
  3671 | D:5      | 3671 ||| READING 2 scrolls labelled KIOHUOSIYSM.
  3672 | D:5      | 3672 ||| READING 3 scrolls of identify.
  3672 | D:5      | 3672 ||| IDENTIFYING lumpy orange potion
  3673 | D:5      | 3673 ||| READING 2 scrolls of identify.
  3673 | D:5      | 3673 ||| IDENTIFYING fuming amethyst potion
  3674 | D:5      | 3674 ||| DROPPING potion of ambrosia.
  3675 | D:5      | 3675 ||| DROPPING scroll of amnesia.
  3715 | D:6      | 3715 ||| Stepping ~*~*~tactically~*~*~ (hiding).
  3716 | D:6      | 3716 ||| Stepping ~*~*~tactically~*~*~ (hiding).
  3794 | D:6      | Found a glowing golden altar of the Shining One.
  3824 | D:6      | 3824 ||| Stepping ~*~*~tactically~*~*~ (stealth).
  3854 | D:6      | Found a hazy altar of Hepliaklqana.
  3885 | D:6      | 3885 ||| Stepping ~*~*~tactically~*~*~ (hiding).
  4195 | D:6      | Reached skill level 8 in Axes
  4221 | D:6      | Found a sparkling altar of Nemelex Xobeh.
  4350 | D:6      | Found a runed translucent door.
  4351 | D:6      | Noticed Crazy Yiuf
  4429 | D:6      | 4429 ||| Stepping ~*~*~tactically~*~*~ (hiding).
  4446 | D:6      | 4446 ||| Stepping ~*~*~tactically~*~*~ (stealth).
  4552 | D:6      | 4552 ||| Stepping ~*~*~tactically~*~*~ (hiding).
  4553 | D:6      | 4553 ||| Stepping ~*~*~tactically~*~*~ (hiding).
  4724 | D:6      | Found a white marble altar of Elyvilon.
  4782 | D:6      | Found a shimmering blue altar of Sif Muna.
  4782 | D:6      | Found a bloodstained altar of Trog.
  4789 | D:6      | Found a shimmering altar of Xom.
  5100 | D:6      | 5100 ||| UPGRADING to +0 plate armour.
  5110 | D:6      | 5110 ||| DROPPING +0 chain mail.
  5111 | D:6      | 5111 ||| UPGRADING to amulet of the acrobat.
  5116 | D:6      | 5116 ||| READING scroll labelled QIAD YDEMEBA.
  5117 | D:6      | 5117 ||| READING scroll labelled QAPSUY LACLUF.
  5118 | D:6      | 5118 ||| READING scroll labelled PUESYB RIRIRI.
  5320 | D:7      | Found an ancient bone altar of Kikubaaqudgha.
  5323 | D:7      | Noticed a hornet
  5323 | D:7      | 5323 ||| Stepping ~*~*~tactically~*~*~ (stealth).
  5331 | D:7      | Killed a hornet
  5332 | D:7      | Reached skill level 6 in Fighting
  5332 | D:7      | Reached XP level 9. HP: 56/56 MP: 9/9
  5411 | D:7      | Found a shadowy altar of Dithmenos.
  5692 | D:7      | Found an iron altar of Okawaru.
  5693 | D:7      | 5693 ||| PLANNING OKAWARU WORSHIP
  5693 | D:7      | 5693 ||| READING scroll labelled QEWNYE BATA.
  5694 | D:7      | 5694 ||| DRINKING 2 fizzy golden potions.
  5700 | D:7      | Became a worshipper of Warmaster Okawaru
  5701 | D:7      | 5701 ||| PLANNING D:1-11
  5865 | D:7      | Reached skill level 9 in Axes
  6289 | D:8      | Noticed a troll
  6304 | D:8      | Killed a troll
  6317 | D:8      | Reached * piety under Okawaru
  6318 | D:8      | 6318 ||| INVOKING Heroism.
  6328 | D:8      | Reached skill level 6 in Armour
  6330 | D:8      | 6330 ||| FLEEEEING.
  6331 | D:8      | 6331 ||| FLEEEEING.
  6332 | D:8      | 6332 ||| FLEEEEING.
  6337 | D:8      | 6337 ||| STAIRDANCE
  6489 | D:8      | Noticed a tengu warrior
  6506 | D:8      | HP: 10/56 [tengu warrior/+0 dire flail (14)]
  6507 | D:8      | 6507 ||| READING scroll of teleportation.
  6508 | D:8      | 6508 ||| DRINKING 2 potions of heal wounds.
  6620 | D:8      | Noticed Maurice
  6624 | D:8      | 6624 ||| INVOKING Heroism.
  6627 | D:8      | HP: 12/57 [tengu warrior/+0 dire flail (9)]
  6628 | D:8      | 6628 ||| DRINKING potion of heal wounds.
  6636 | D:8      | HP: 10/57 [tengu warrior/+0 dire flail (8)]
  6640 | D:8      | 6640 ||| INVOKING Heroism.
  6640 | D:8      | HP: 4/57 [tengu warrior/+0 dire flail (5)]
  6649 | D:8      | Killed from afar by an acid dragon

Levels and vault maps discovered:
D:1:      dpeg_arrival_long_road, layout_basic, serial_shops,
          nicolae_shop_stone, shop, shop
D:2:      layout_loops_ring, serial_bayou, serial_bayou_ford_a,
          serial_bayou_pond_e, serial_bayou_shore_a, serial_bayou_pond_e
D:3:      layout_rooms, nicolae_qazlal_general_emergency,
          nicolae_vehumet_altar_sigil, bh_walls_and_bars
D:4:      wander_river, layout_basic, nzn_wu_jian_contemplation,
          temple_fountains, palyth_stone_intersect
D:5:      layout_loops_ring
D:6:      layout_loops_corners, worldfamousw_hep_ancestral_shrine,
          nicolae_overflow_crystal_walls, nicolae_overflow_hallway_of_the_gods,
          chequers_jeans, uniq_crazy_yiuf_cottage
D:7:      layout_layer_cave, okawaru_ov_weapons_minmay,
          mainiacjoe_overflow_paths, old_standard_altar
D:8:      layout_basic, erik_lair_island, hellmonk_guarded_unrand_lears,
          uniq_maurice
Temple:   hellmonk_temple_of_storms

Skill      XL: |  1  2  3  4  5  6  7  8  9 |
---------------+----------------------------+-----
Axes           | 2 3 4 5 7 8 9 |  9.4
Throwing       | 2 |  2.4
Fighting       | 4 6 7 |  7.1
Dodging        | 1 |  1.0
Armour         | 5 6 |  6.0
Shields        | 4 |  4.5

Action                     |  1- 3 |  4- 6 |  7- 9 || total
---------------------------+-------+-------+-------++-------
  Melee: War axe           |    91 |    77 |   315 ||   483
  Throw: Boomerang         |     3 |    59 |    68 ||   130
 Invoke: Heroism           |       |       |     3 ||     3
    Use: Scroll            |     6 |     2 |     9 ||    17
         Potion            |     1 |       |     4 ||     5
 Armour: Scale mail        |     9 |       |       ||     9
         Chain mail        |    23 |    45 |   115 ||   183
         Plate armour      |       |       |   146 ||   146
  Dodge: Dodged            |    25 |    45 |   220 ||   290
  Block: Buckler           |    17 |    12 |    75 ||   104

Table legend:
 A = Non-vault XP
 B = Vault XP
 C = Vault XP percentage of total XP
 D = Non-vault monster count
 E = Vault monster count
 F = Vault count percentage of total count
                 A         B        C        D         E       F
            +---------+---------+-------+---------+---------+-------
      Total |    3528 |     616 |  14.9 |     120 |       7 |   5.5
            +---------+---------+-------+---------+---------+-------
        D:1 |      30 |       0 |   0.0 |      20 |       0 |   0.0
        D:2 |      33 |       0 |   0.0 |      12 |       0 |   0.0
        D:3 |      44 |       0 |   0.0 |      10 |       0 |   0.0
        D:4 |     643 |       0 |   0.0 |      26 |       0 |   0.0
        D:5 |     582 |       0 |   0.0 |      19 |       0 |   0.0
        D:6 |     574 |       0 |   0.0 |      20 |       0 |   0.0
        D:7 |    1211 |       0 |   0.0 |      11 |       0 |   0.0
        D:8 |     411 |     616 |  60.0 |       2 |       7 |  77.8
            +---------+---------+-------+---------+---------+-------
